 Dungeon Crawl Stone Soup version 0.22-a0-456-g11ed031 (webtiles) character file.

696 Galder the Magician (level 7, -1/36 HPs)
             Began as a Deep Elf Wizard on June 7, 2018.
             Slain by Salmacis's ghost (15 damage)
             ... on level 5 of the Dungeon.
             The game lasted 00:33:21 (4695 turns).

Galder the Magician (Deep Elf Wizard)               Turns: 4695, Time: 00:33:21

Health: -1/36      AC:  7    Str:  6    XL:     7   Next: 37%
Magic:  11/18      EV: 16    Int: 23    God:
Gold:   209        SH:  0    Dex: 13    Spells: 13/19 levels left

rFire    . . .     SeeInvis .   c - +0 short sword
rCold    . . .     Gourm    .   (no shield)
rNeg     . . .     Faith    .   o - +2 robe of Vines {NoPotionHeal Regen+7}
rPois    .         Spirit   .   b - +0 hat
rElec    .         Reflect  .   (no cloak)
rCorr    .         Harm     +   z - +2 pair of gloves
MR       .....                  (no boots)
Stlth    +++.......             s - amulet of harm
HPRegen  2.92/turn              v - +3 ring of evasion
MPRegen  0.16/turn              u - ring of flight

@: no status effects
A: no striking features
a: Evoke Flight


You were on level 5 of the Dungeon.
You were not hungry.

You visited 1 branch of the dungeon, and saw 6 of its levels.

You collected 209 gold pieces.

Inventory:

Hand Weapons
 c - a +0 short sword (weapon)
 f - a +0 quarterstaff
 q - a +0 hand axe of venom
 x - a cursed -2 spear
 y - a cursed +0 falchion
 A - a cursed -3 war axe
 F - a +0 shortbow
Missiles
 G - 3 arrows
Armour
 a - a +0 robe
 b - a +0 hat (worn)
 o - the +2 robe of Vines (worn) {NoPotionHeal Regen+7}
   (You found it on level 4 of the Dungeon)

   It increases your rate of regeneration.
 t - a +0 robe
 z - a +2 pair of gloves (worn)
Jewellery
 m - an uncursed ring of ice
 s - an amulet of harm (around neck)
 u - a ring of flight (right hand)
 v - a +3 ring of evasion (left hand)
 C - a +3 ring of intelligence {unknown}
Wands
 r - a wand of random effects (33)
Scrolls
 e - 8 scrolls of identify {unknown}
 h - 5 scrolls of teleportation
 j - 2 scrolls of remove curse
 n - a scroll of fog {unknown}
 w - 2 scrolls of amnesia {unknown}
Potions
 g - a potion of invisibility {unknown}
 i - a potion of lignification {unknown}
 k - a potion of ambrosia {unknown}
 l - 2 potions of brilliance {unknown}
 p - a potion of heal wounds {unknown}
 B - a potion of degeneration {unknown}
 D - a potion of magic {unknown}
 E - a potion of curing {unknown}
Comestibles
 d - 10 rations


   Skills:
 - Level 3.1 Dodging
 + Level 5.2 Stealth
 + Level 6.6 Spellcasting
 * Level 5.4 Conjurations
   Level 1.1 Summonings
 + Level 3.6 Translocations


You had 13 spell levels left.
You knew the following spells:

 Your Spells              Type           Power        Failure   Level  Hunger
a - Magic Dart            Conj           ####         1%          1    None
b - Blink                 Tloc           N/A          2%          2    None
c - Mephitic Cloud        Conj/Pois/Air  ###.....     12%         3    None

Your spell library contained the following spells:

 Spells                   Type           Power        Failure   Level  Hunger
 Conjure Flame            Conj/Fire      ###.....     8%          3    None
 Slow                     Hex            #.......     12%         2    None
 Call Imp                 Summ           ##......     8%          2    None
 Spider Form              Tmut/Pois      #.........   24%         3    None
 Blade Hands              Tmut           #.........   92%         5    #####..
 Ice Form                 Ice/Tmut       #.......     63%         4    ###....
 Sticks to Snakes         Tmut           #.......     12%         2    None
 Beastly Appendage        Tmut           #.....       9%          1    None


Dungeon Overview and Level Annotations

Branches:
Dungeon (6/15)
 Temple: D:4-7

Altars:
Makhleb

Shops:
D:4 (

Annotations:
D:5 Salmacis's ghost, novice HOFi


Message History

Salmacis's ghost is lightly damaged.
Salmacis's ghost misses you.
Casting: Magic Dart (safe; 1% risk of failure)
Confirm with . or Enter, or press ? or * to list all spells.
Aiming: Magic Dart (safe; 1% risk of failure)
Press: ? - help, Shift-Dir - straight line, f/p - Salmacis's ghost
Aim: Salmacis's ghost (lightly damaged)
The magic dart hits Salmacis's ghost.
Salmacis's ghost is lightly damaged.
Salmacis's ghost hits you!!
Ouch! That really hurt!
Casting: Magic Dart (safe; 1% risk of failure)
Confirm with . or Enter, or press ? or * to list all spells.
Aiming: Magic Dart (safe; 1% risk of failure)
Press: ? - help, Shift-Dir - straight line, f/p - Salmacis's ghost
Aim: Salmacis's ghost (lightly damaged)
The magic dart hits Salmacis's ghost.
Salmacis's ghost is lightly damaged.
Salmacis's ghost hits you!
You die...

.......#.#.....#...
##.##...#..............
.......................
#....................=
###.....................
..........†..........)†.
.#...............(......
........................
##..#.@###...........†.
#....W...#...........#
#...#..#........######
.....###.#...........#
..... ....#####.......
.... #.## ##.....# ...
#.# ####.... ... #..
#... ...


You could see Salmacis's ghost.

Vanquished Creatures
  A sky beast (D:5)
  A centaur (D:6)
  3 orc priests (D:3)
  2 hounds
  A jelly (D:4)
  3 orc wizards (D:3)
  2 worker ants
  7 adders
  A shadow imp (D:5)
  2 adder skeletons (D:4)
  3 dart slugs
  7 leopard geckos
  19 orcs (D:3)
  10 bats
  6 giant cockroaches
  5 goblins
  10 hobgoblins
  18 jackals
  3 quokkas
  2 ball pythons
  3 frilled lizards
  3 kobolds (D:1)
  A leopard gecko skeleton (D:4)
  7 rats
120 creatures vanquished.

Notes
Turn   | Place    | Note
-------+----------+-------------------------------------------
     0 | D:1      | Galder the Deep Elf Wizard began the quest for the Orb.
     0 | D:1      | Reached XP level 1. HP: 10/10 MP: 7/7
   248 | D:1      | Reached XP level 2. HP: 15/15 MP: 6/9
   592 | D:1      | Reached skill level 5 in Spellcasting
   693 | D:1      | Reached XP level 3. HP: 19/19 MP: 8/11
   697 | D:1      | Learned a level 2 spell: Blink
   701 | D:1      | Learned a level 3 spell: Mephitic Cloud
  1368 | D:2      | Reached XP level 4. HP: 24/24 MP: 5/13
  1955 | D:2      | You fall through a shaft for 2 floors!
  1955 | D:4      | Found the +2 robe of Vines {NoPotionHeal Regen+7}
  2177 | D:3      | Reached XP level 5. HP: 22/28 MP: 3/15
  2508 | D:3      | Found a burning altar of Makhleb.
  2847 | D:3      | Reached XP level 6. HP: 32/32 MP: 9/16
  3099 | D:3      | Reached skill level 6 in Spellcasting
  3734 | D:4      | Found Ratoc's Antique Weapon Emporium.
  4489 | D:5      | Entered Level 5 of the Dungeon
  4517 | D:5      | Noticed a sky beast
  4537 | D:5      | Killed a sky beast
  4537 | D:5      | Reached skill level 5 in Stealth
  4537 | D:5      | Reached skill level 5 in Conjurations
  4537 | D:5      | Reached XP level 7. HP: 34/36 MP: 6/18
  4540 | D:5      | Noticed Salmacis's ghost (novice HOFi)
  4695 | D:5      | Slain by Salmacis's ghost

Vault maps used:
D:1:      lightli_iron_boxes, grunt_decor_fettered
D:2:      minmay_pentomino_o4
D:3:      bloody_makhleb
D:4:      serial_shops, nicolae_shop_overgrown_old_shop
D:5:      gammafunk_temple_overflow_statue, first_ration
D:6:      lemuel_temple_firewalk_b, serial_co_window_serial, co_window_paths_b,
          co_window_paths_b, co_window_paths_a, co_window_paths_b,
          co_window_corner_a, co_window_corner_cb, co_window_cross_2,
          co_window_of_opportunity_b, co_window_paths_d, glass_columns_a,
          glass_columns_a, glass_columns_b

Skill      XL: |  1  2  3  4  5  6 |
---------------+-------------------+-----
Stealth        | 3 4 5 |  5.2
Dodging        | 3 |  3.1
Spellcasting   | 5 6 |  6.6
Conjurations   | 2 3 5 |  5.4
Translocations | 2 3 |  3.6
Summonings     | |  1.1

Action                   |  1- 3 |  4- 6 |  7- 9 || total
-------------------------+-------+-------+-------++-------
Melee: Unarmed           |     6 |       |       ||     6
       Short sword       |    12 |    35 |     4 ||    51
 Cast: Magic Dart        |    94 |   226 |    21 ||   341
  Use: Scroll            |     1 |     1 |       ||     2
  Eat: Chunk             |     1 |    10 |       ||    11
Armor: Robe              |     3 |    36 |     5 ||    44
Dodge: Dodged            |    55 |    89 |    14 ||   158

Table legend:
 A = Spawn XP
 B = Non-spawn XP
 C = Spawn XP percentage of total XP
 D = Spawn monster count
 E = Non-spawn monster count
 F = Spawn count percentage of total count
 G = Total turns spent on level
                    A         B        C        D         E        F      G
               +---------+---------+-------+---------+---------+-------+---------
         Total |       0 |     995 |   0.0 |       0 |     120 |   0.0 |  4695
               +---------+---------+-------+---------+---------+-------+---------
           D:1 |       0 |      56 |   0.0 |       0 |      30 |   0.0 |  1100
           D:2 |       0 |     113 |   0.0 |       0 |      29 |   0.0 |   974
           D:3 |       0 |     347 |   0.0 |       0 |      39 |   0.0 |  1620
           D:4 |       0 |     144 |   0.0 |       0 |      15 |   0.0 |   795
           D:5 |       0 |     177 |   0.0 |       0 |       5 |   0.0 |    77
           D:6 |       0 |     158 |   0.0 |       0 |       2 |   0.0 |   129
               +---------+---------+-------+---------+---------+-------+---------
